 Dungeon Crawl Stone Soup version 0.32-a0-571-gec57dfcd37 (webtiles) character file.

Game seed: 9348199291165528102

250 hikkokomori the Chopper (level 5, 0/48 HPs)
             Began as a Mountain Dwarf Cinder Acolyte on Mar 1, 2024.
             Was a High Priest of Ignis.
             Shot with an arrow by a centaur (4 damage)
             ... on level 4 of the Dungeon.
             The game lasted 00:06:12 (2547 turns).

hikkokomori the Chopper (MDCA)                      Turns: 2547, Time: 00:06:12

Health: 0/48       AC:  8    Str: 16    XL:     5   Next: 88%
Magic:  0/8        EV: 10    Int: 17    God:    Ignis [*****.]
Gold:   162        SH:  0    Dex:  5    Spells: 6/8 levels left

rFire   + . .        a - -1 hand axe (flame)
rCold   . . .        (no shield)
rNeg    . . .        j - +0 ring mail
rPois   .            g - +1 helmet
rElec   .            (no cloak)
rCorr   .            (no gloves)
SInv    .            k - +0 pair of boots
Will    .....        p - amulet of guardian spirit Stlth
                     (no ring)
HPRegen 0.28/turn    (no ring)
MPRegen 0.11/turn

%: guardian spirit
@: no status effects
A: runic magic, artefact enchanting
a: Renounce Religion, Fiery Armour, Foxfire Swarm, Rising Flame


You were on level 4 of the Dungeon.
You worshipped Ignis.
Ignis was extremely pleased with you.
You visited 1 branch of the dungeon, and saw 4 of its levels.

You collected 162 gold pieces.

Inventory:

Hand Weapons
 a - a -1 hand axe of flaming (weapon)
Armour
 b - a +0 robe
 g - a +1 helmet (worn)
 j - a +0 ring mail (worn)
 k - a +0 pair of boots (worn)
Jewellery
 p - an amulet of guardian spirit (around neck)
Wands
 q - a wand of warping (7)
Scrolls
 c - 3 scrolls of teleportation
 d - a scroll of amnesia {unknown}
 h - a scroll of noise {unknown}
 i - a scroll of immolation {unknown}
 l - a scroll of revelation {unknown}
 n - 2 scrolls of poison {unknown}
 o - 4 scrolls of identify {unknown}
Potions
 e - a potion of berserk rage {unknown}
 f - a potion of attraction {unknown}
 m - a potion of curing {unknown}


   Skills:
 + Level 5.2 Fighting
 + Level 5.7 Axes
 - Level 2.0 Spellcasting
 - Level 4.0 Fire Magic
 + Level 0.6 Evocations


You had 6 spell levels left.
You knew the following spells:

 Your Spells              Type           Power      Damage    Failure   Level
a - Scorch                Fire           30%        2d6       6%          2

Your spell library contained the following spells:

 Spells                   Type           Power      Damage    Failure   Level


Dungeon Overview and Level Annotations

Branches:
Dungeon (4/15)
 Temple: D:4-7

Altars:


Innate Abilities, Weirdness & Mutations

Your spellcasting is much less encumbered by armour.
You can use scrolls of enchantment on lesser artefacts.


Message History

You shake off some of the fire as you move.
The liquid fire burns you!
You shake off some of the fire as you move.
The liquid fire burns you!
You shake off some of the fire as you move.
The liquid fire burns you!
You shake off the liquid fire.
An adder comes into view.
An adder is nearby!
You are too injured to fight recklessly!
You are too injured to fight recklessly!
Unknown command.
The adder hisses angrily.
You see here a bombardier beetle corpse.
You hit the adder. You burn the adder.
The adder is severely wounded.
The adder barely misses you.
You miss the adder.
The adder is severely wounded.
The adder bites you but does no damage.
You hit the adder. You burn the adder.
The adder is almost dead.
The adder barely misses you. The adder bites you but does no damage.
You hit the adder. You burn the adder.
You kill the adder!
An orc priest and a centaur come into view.
The orc priest shouts!
The centaur shouts!
You hear a shout!
The centaur wields a +0 shortbow.
The centaur shoots an arrow.
The arrow hits you.
The centaur shoots an arrow.
The arrow hits you!
The centaur shoots an arrow.
The arrow hits you.
An orc comes into view. It is wielding a +0 mace.
The centaur shoots an arrow.
The arrow hits you!
The centaur shoots an arrow.
The arrow hits you!
The centaur shoots an arrow.
The arrow hits you.
The orc priest calls down the wrath of Beogh upon you.
Beogh smites you!
* * * LOW HITPOINT WARNING * * *
The centaur shoots an arrow.
The arrow hits you.
You die...
Ignis goes out, and joins you in death.

........†........#
....c....♣........
...$..o..............
.♣.♣.♣.♣.♣$♣.♣.♣.....#
............^.......#
........o..♣.♣......
##.....#....†...#..#
.##.................#
.........##.@........#
........####.........#
......#.).#..........#
.....##..........P♣...
...#.#............PPP.
.. #...)...........♣ .
. ##....#...........
#...>..<.....##..
..........##.#.##


You could see a centaur, an orc priest and an orc.

Vanquished Creatures
  A bombardier beetle (D:4)
  2 hounds
  An orc priest (D:3)
  7 adders
  2 dart slugs
  6 orcs
  4 ball pythons
  4 endoplasms
  2 giant cockroaches
  2 hobgoblins
  8 kobolds
  8 quokkas
  6 bats
  4 frilled lizards
  A goblin (D:2)
  8 rats
66 creatures vanquished.

Vanquished Creatures (others)
  5 foxfires (D:3)
5 creatures vanquished.

Grand Total: 71 creatures vanquished

Notes
Turn   | Place    | Note
-------+----------+-------------------------------------------
     0 | D:1      | hikkokomori the Mountain Dwarf Cinder Acolyte began the
                  | quest for the Orb.
     0 | D:1      | Reached XP level 1. HP: 19/19 MP: 2/2
   162 | D:1      | Found a faded altar of an unknown god.
   221 | D:1      | Reached XP level 2. HP: 11/26 MP: 3/3
   739 | D:1      | You fall into a shaft and drop 1 floor!
   790 | D:2      | Reached XP level 3. HP: 4/33 MP: 4/4
  1205 | D:2      | Reached XP level 4. HP: 38/41 MP: 5/5
  1492 | D:3      | Reached skill level 5 in Axes
  1515 | D:3      | Learned a level 2 spell: Scorch
  1717 | D:3      | Reached XP level 5. HP: 4/47 MP: 1/7
  2345 | D:4      | Reached skill level 5 in Fighting
  2541 | D:4      | Noticed a centaur
  2547 | D:4      | Shot with an arrow by a centaur

Illustrated notes

Levels and vault maps discovered:
D:1:      mainiacjoe_arrival_oval_in_oval, layout_loops_ring,
          chequers_ecumenical_altar_island, nicolae_eternal_life
D:2:      layout_rooms
D:3:      layout_basic, serial_aquarium, aquarium_bridge_square
          [aquarium_subvault_bridge, aquarium_subvault_bridge,
          aquarium_subvault_bridge, aquarium_subvault_wall], aquarium_window_1,
          aquarium_window_corridor_3, aquarium_view_2d
D:4:      layout_cave_pools, minmay_temple_entry_waves, serial_park,
          serial_park_fountain, serial_park_tiny_2, serial_park_square3
          [serial_park_minivault_5x5_8], nicolae_shop_i_like_big_books

Skill      XL: |  1  2  3  4  5 |
---------------+----------------+-----
Fire Magic     | 4 |  4.0
Axes           | 4 5 |  5.7
Fighting       | 4 5 |  5.2
Spellcasting   | 2 |  2.0
Evocations     | |  0.6

Action                     |  1- 3 |  4- 6 || total
---------------------------+-------+-------++-------
  Melee: Hand axe          |   120 |   128 ||   248
 Invoke: Fiery Armour      |     1 |       ||     1
         Foxfire Swarm     |       |     1 ||     1
    Use: Scroll            |       |     1 ||     1
 Armour: Robe              |    70 |       ||    70
         Ring mail         |    15 |    92 ||   107
  Dodge: Dodged            |    81 |    73 ||   154

Table legend: (Time is in decaauts)
 A = Elapsed time spent in this place.
 B = Non-inter-level travel time spent in this place.
 C = Inter-level travel time spent in this place.
 D = Time resting spent in this place.
 E = Time spent auto-exploring this place.
 F = Levels seen in this place.
 G = Mean time per level.
                   A        B        C        D        E       F      G
               +--------+--------+--------+--------+--------+-----+--------+
         Total |   2564 |   2468 |     96 |      0 |   1856 |   4 |  641.0 |
       Dungeon |   2564 |   2468 |     96 |      0 |   1856 |   4 |  641.0 |
               +--------+--------+--------+--------+--------+-----+--------+

Top non-repeatable levels by time:
     D:3: 886 daAuts
     D:1: 745 daAuts
     D:2: 705 daAuts
     D:4: 226 daAuts
